 Dungeon Crawl Stone Soup version 0.29-a0-42-g9fc6a9d (webtiles) character file.

Game seed: 6092726124443153174

11715 Illumine the Cleaver (level 11, -1/89 HPs)
             Began as a Palentonga Berserker on Feb 2, 2022.
             Was an Elder of Trog.
             Slain by a reaper (27 damage)
             ... in an ice cave.
             The game lasted 00:21:47 (12041 turns).

Illumine the Cleaver (Palentonga Berserker)        Turns: 12041, Time: 00:21:47

Health: -1/89      AC: 26    Str: 24    XL:     11   Next: 53%
Magic:  11/11      EV:  6    Int: 10    God:    Trog [****..]
Gold:   457        SH:  0    Dex: 20    Spells: 10/10 levels left

rFire   + . .      SeeInvis +   G - +10 spear of Contention {holy, rF+ Dex+4}
rCold   + + +      Faith    .   (no shield)
rNeg    . . .      Spirit   .   s - +1 plate armour "Wean" {rC+++ Will- Int-4 SInv}
rPois   .          Reflect  .   x - +2 helmet
rElec   .          Harm     .   F - +0 cloak
rCorr   .          Rampage  .   h - +2 pair of gloves
Will    +....                   (no barding)
Stlth   ..........              (no amulet)
HPRegen 1.24/turn               e - +6 ring of intelligence
MPRegen 0.12/turn               i - +6 ring of dexterity

@: strong-willed, on berserk cooldown, regenerating, curled up
A: large, rugged brown scales 3, see invisible, deformed body, roll 1, armoured
tail, reflexive curl
a: Rolling Charge, Renounce Religion, Berserk, Trog's Hand, Brothers in Arms


You were in an ice cave.
You worshipped Trog.
Trog was greatly pleased with you.
You visited 2 branches of the dungeon, and saw 11 of its levels.
You also visited: Ice Cave.

You collected 457 gold pieces.

Inventory:

Hand Weapons
 g - a +4 hand axe
 t - a +0 war axe
 z - a +0 vorpal flail
 D - a +2 glaive of flaming
 G - the +10 spear of Contention (weapon) {holy, rF+ Dex+4}
   (You found it on level 9 of the Dungeon)

   It has been blessed by the Shining One to cause great damage to the undead
   and demons.
   Dex:       It affects your dexterity (+4).
   rF:        It protects you from fire.
Missiles
 m - 2 throwing nets
Armour
 h - a +2 pair of gloves (worn)
 s - the +1 plate armour "Wean" (worn) {rC+++ Will- Int-4 SInv}
   (You found it on level 3 of the Dungeon)

   Int:       It affects your intelligence (-4).
   rC:        It renders you almost immune to cold.
   SInv:      It lets you see invisible.
   Will:      It decreases your willpower.
 x - a +2 helmet (worn)
 C - +1 swamp dragon scales
 F - a +0 cloak (worn)
Jewellery
 e - a +6 ring of intelligence (left hand)
 i - a +6 ring of dexterity (right hand)
 y - a +6 ring of strength
Wands
 B - a wand of paralysis (3)
Scrolls
 c - 3 scrolls of teleportation
 j - 3 scrolls of blinking
 k - 5 scrolls of fear
 l - a scroll of fog
 u - a scroll of brand weapon {unknown}
 v - a scroll of silence {unknown}
 w - a scroll of magic mapping
 A - a scroll of noise {unknown}
 E - a scroll of enchant weapon {unknown}
 I - a scroll of vulnerability {unknown}
Potions
 a - a potion of berserk rage {unknown}
 d - 6 potions of curing
 f - 2 potions of flight
 n - 2 potions of ambrosia
 o - 4 potions of heal wounds
 p - 2 potions of mutation {unknown}
 q - 2 potions of brilliance {unknown}
 r - a potion of invisibility {unknown}
 H - 2 potions of cancellation {unknown}
 J - a potion of degeneration {unknown}
 K - a potion of magic {unknown}


   Skills:
 - Level 7.6 Fighting
 - Level 10.9(12.9) Axes
 * Level 10.1(11.9) Polearms
 - Level 6.0 Armour
 - Level 3.0 Dodging
 - Level 2.0 Evocations


You had 10 spell levels left.
You didn't know any spells.
Your spell library was empty.

Dungeon Overview and Level Annotations

Branches:
Dungeon (10/15)            Temple (0/1) D:4            Lair (1/6) D:10
  IceCv (1/1)
    Orc: D:9-12

Altars:
Ashenzari
Cheibriados
Dithmenos
Elyvilon
Fedhas
Gozag
Okawaru
Ru
Sif Muna
Trog
Vehumet
Zin

Shops:
D:2 (   D:9 (


Innate Abilities, Weirdness & Mutations

You are completely covered in rugged brown scales. (AC +3, +7% HP)
You have supernaturally acute eyesight. (SInv)
Armour fits poorly on your strangely shaped body.
You can roll at nearby foes to attack.
You have a long armoured tail.
You curl defensively after being hit. (AC +7*)


Message History

You feel yourself speed up.
You start resting.
A reaper comes into view. It is wielding a +2 scythe of freezing.
Unknown command.
The reaper shouts, "Death awaits you!"
A dire elephant simulacrum, a harpy simulacrum and an anaconda simulacrum come into view.
The anaconda simulacrum moves out of view.
You reach to attack!
You puncture the harpy simulacrum!
The harpy simulacrum convulses!
The harpy simulacrum vaporises!
Trog accepts your kill.
Your base Polearms skill increases to level 10!
You reach to attack!
You hit the anaconda simulacrum.
The anaconda simulacrum convulses.
The anaconda simulacrum is moderately damaged.
You puncture the anaconda simulacrum!
The anaconda simulacrum convulses.
The anaconda simulacrum is severely damaged.
The anaconda simulacrum grabs you.
The anaconda simulacrum bites you but does no damage.
The anaconda simulacrum constricts you.
You hit the anaconda simulacrum.
The anaconda simulacrum convulses.
The anaconda simulacrum vaporises!
Trog accepts your kill.
Your skin crawls.
You feel strong-willed.
You hit the reaper but do no damage. You closely miss the reaper.
The reaper hits you with a +2 scythe of freezing!!
The reaper freezes you.
Unknown command.
Okay, then.
As you read the scroll of holy word, it crumbles to dust.
You speak a Word of immense power!
The reaper convulses!
The dire elephant simulacrum convulses!
The reaper hits you with a +2 scythe of freezing!
* * * LOW HITPOINT WARNING * * *
Okay, then.
You fail to use your ability.
The reaper hits you with a +2 scythe of freezing!!
You die...

### ######## ##.. .
##......## #... #..
##.....##.. Z⌠.
#...#....###### .Z
#....###≈≈≈≈≈ ##.
#######..##≈≈≈≈
#..####..####.####≈≈≈
#Z@#.##..#.#.#≈≈≈≈≈
###2#####..2###≈≈≈≈
### ###...##≈≈≈
###..###≈ ##..# ..##
..## Z.# . ..# #


You could see a reaper (dazed) and a dire elephant simulacrum (dazed).

Vanquished Creatures
  Gastronok (D:9)
  Harold (D:7)
  A two-headed ogre (D:9)
  An ice statue (IceCv)
  A cane toad (Lair:1)
  Maggie (D:6)
  A rime drake (Lair:1)
  A komodo dragon (Lair:1)
  2 ice devils (IceCv)
  3 anaconda simulacra (IceCv)
  A hornet (D:10)
  A vampire (D:5)
  8 yaks
  2 wyverns
  A steam dragon (D:8)
  2 death yak simulacra (IceCv)
  2 harpy simulacra (IceCv)
  2 wargs (D:10)
  A water moccasin (D:7)
  3 orc warriors
  An ice beast (D:7)
  2 centaurs (D:9)
  An ogre (D:6)
  2 kobold brigands
  2 wyvern zombies
  2 bullfrogs
  5 two-headed ogre simulacra (IceCv)
  2 cane toad simulacra (IceCv)
  3 scorpions
  A water moccasin zombie (D:5)
  An elephant simulacrum (IceCv)
  4 killer bees (D:10)
  13 wights
  4 howler monkeys (D:9)
  A bullfrog zombie (D:6)
  2 centaur zombies
  3 hounds
  A jelly (D:7)
  2 gnoll shamans
  An orc priest (D:4)
  Crazy Yiuf (D:6)
  3 iguanas
  7 orc wizards
  2 polar bear simulacra (IceCv)
  3 troll simulacra (IceCv)
  8 spriggan simulacra (IceCv)
  A killer bee zombie (D:7)
  A wolf simulacrum (IceCv)
  5 howler monkey zombies
  10 gnolls
  11 adders
  8 naga simulacra (IceCv)
  2 shadow imps
  6 white imps
  6 ufetubi
  A worm (D:2)
  4 dart slugs
  17 orcs
  4 bats
  4 endoplasms
  3 giant cockroaches
  8 goblins
  6 hobgoblins
  8 jackals
  5 quokkas
  3 ball pythons
  4 frilled lizards
  13 kobolds
  7 rats
250 creatures vanquished.

Notes
Turn   | Place    | Note
-------+----------+-------------------------------------------
     0 | D:1      | Illumine the Palentonga Berserker began the quest for the
                  | Orb.
     0 | D:1      | Reached XP level 1. HP: 19/19 MP: 1/1
   213 | D:1      | Reached XP level 2. HP: 18/25 MP: 2/2
   385 | D:1      | Reached ** piety under Trog
   896 | D:2      | Reached XP level 3. HP: 29/31 MP: 3/3
  1270 | D:2      | Reached XP level 4. HP: 37/37 MP: 4/4
  1486 | D:2      | Found Dont's Antique Weapon Shoppe.
  1897 | D:3      | Found an iron altar of Okawaru.
  2045 | D:3      | Found an opulent altar of Gozag.
  2367 | D:3      | Reached *** piety under Trog
  2368 | D:3      | Reached skill level 5 in Axes
  2368 | D:3      | Reached XP level 5. HP: 40/43 MP: 5/5
  2405 | D:3      | Identified the +1 plate armour "Wean" {rC+++ Will- Int-4
                  | SInv}
  2776 | D:4      | Found a staircase to the Ecumenical Temple.
  3391 | D:5      | Entered Level 5 of the Dungeon
  3422 | D:5      | Reached XP level 6. HP: 46/50 MP: 6/6
  3476 | D:5      | Noticed a vampire
  3554 | D:5      | Found a white marble altar of Elyvilon.
  4087 | D:5      | Killed a vampire
  4088 | D:5      | Gained mutation: You curl defensively after being hit. (AC
                  | +7*) [Palentonga growth]
  4088 | D:5      | Reached XP level 7. HP: 56/57 MP: 7/7
  5386 | D:6      | Reached XP level 8. HP: 65/65 MP: 8/8
  5586 | D:6      | Reached **** piety under Trog
  5616 | D:6      | Reached skill level 5 in Fighting
  5742 | D:6      | Found a shimmering blue altar of Sif Muna.
  5756 | D:6      | Found a bloodstained altar of Trog.
  5906 | D:6      | Noticed Maggie
  5906 | D:6      | Paralysed by Maggie for 5 turns
  5927 | D:6      | Killed Maggie
  5972 | D:6      | Found a blossoming altar of Fedhas.
  6042 | D:6      | Found a sacrificial altar of Ru.
  6248 | D:6      | Found a runed translucent door.
  6249 | D:6      | Noticed Crazy Yiuf
  6256 | D:6      | Killed Crazy Yiuf
  6723 | D:7      | Reached XP level 9. HP: 45/71 MP: 9/9
  7273 | D:7      | Noticed Harold
  7298 | D:7      | Killed Harold
  7299 | D:7      | Reached skill level 10 in Axes
  7299 | D:7      | Reached skill level 5 in Armour
  7659 | D:7      | Found a snail-covered altar of Cheibriados.
  7947 | D:7      | Reached skill level 1 in Evocations
  8312 | D:8      | Noticed a two-headed ogre
  8678 | D:9      | Found a glowing silver altar of Zin.
  8714 | D:9      | Found a radiant altar of Vehumet.
  8731 | D:9      | Noticed a two-headed ogre
  8736 | D:9      | Killed a two-headed ogre
  8737 | D:9      | Reached XP level 10. HP: 84/84 MP: 10/10
  8845 | D:9      | Identified the +10 spear of Contention {holy, rF+ Dex+4}
  9032 | D:9      | Reached skill level 1 in Polearms
  9040 | D:9      | Found Haxam's Antique Weapon Boutique.
  9113 | D:9      | Noticed Gastronok
  9127 | D:9      | Killed Gastronok
  9575 | D:8      | Found a shadowy altar of Dithmenos.
  9796 | D:10     | Entered Level 10 of the Dungeon
  9823 | D:10     | Paralysed by a hornet for 3 turns
  9830 | D:10     | Reached skill level 5 in Polearms
 10069 | D:10     | Found a broken altar of Ashenzari.
 10215 | D:10     | Found a staircase to the Lair.
 10421 | D:10     | Noticed a boulder beetle
 10845 | Lair:1   | Entered Level 1 of the Lair of Beasts
 10893 | Lair:1   | Noticed a cane toad
 10903 | Lair:1   | Reached XP level 11. HP: 85/89 MP: 11/11
 10954 | Lair:1   | Found a frozen archway.
 10965 | IceCv    | Entered an ice cave
 12025 | IceCv    | Noticed a reaper
 12034 | IceCv    | Reached skill level 10 in Polearms
 12041 | IceCv    | Slain by a reaper

Illustrated notes

Levels and vault maps discovered:
D:1:      sevenhm_arrival_forest_fort_small_6, layout_rooms,
          grunt_decor_one_mirror, item_on_display_a
D:2:      layout_rooms, serial_shops, nicolae_square_shop
D:3:      layout_loops_corners, mainiacjoe_overflow_tiny_flanked,
          nicolae_gozag_seed_capital, minmay_quantized
D:4:      layout_cave_pools, minmay_temple_entry_proselytizer,
          chequers_serial_rivers_small_a
D:5:      layout_rooms, lemuel_tele_altar, serial_co_window_serial,
          co_window_paths_a, co_window_paths_a, co_window_corner_a,
          co_window_paths_a, co_window_corner_a, co_window_of_opportunity_a,
          co_window_broadway_b, co_window_unsneaky_path_b, co_window_paths_c,
          co_window_corner_ca, co_window_corner_cb, co_window_broadway_b,
          co_window_corner_b, co_window_paths_e, nrook_mini_backslash,
          nrook_mini_vaults
D:6:      layout_basic, nzn_overflow_gifts_of_might_and_magic,
          lemuel_doored_altar, fedhas_altar_4, uniq_maggie,
          uniq_crazy_yiuf_cottage
D:7:      layout_basic, kennysheep_mini, uniq_harold
D:8:      layout_loops_ring, mainiacjoe_overflow_paths
D:9:      layout_roguey, zin_statuary, fiery_altar_vehumet, serial_shops,
          nicolae_shop_behind_doors, uniq_gastronok
D:10:     layout_basic, nicolae_ashenzari_skybound, erik_lair_orcish_takeover,
          ebering_ghost_funeral_grove, nzn_sisyphean_effort
Lair:1:   layout_gridlike, portal_ice_cave_entry_pillars_2
IceCv:    ice_cave_caverns_02

Skill      XL: |  1  2  3  4  5  6  7  8  9 10 11 |
---------------+----------------------------------+-----
Dodging        | 2 3 |  3.0
Axes           | 4 5 6 7 9 10 | 10.9
Armour         | 2 3 4 5 6 |  6.0
Fighting       | 4 5 7 |  7.6
Evocations     | 2 |  2.0
Polearms       | 7 10 | 10.1

Action                   |  1- 3 |  4- 6 |  7- 9 | 10-12 || total
-------------------------+-------+-------+-------+-------++-------
Melee: Hand axe          |    83 |   127 |   290 |     2 ||   502
       Tailslap          |     6 |    14 |    59 |    47 ||   126
       Punch             |       |     7 |     5 |     3 ||    15
       War axe           |       |     4 |       |       ||     4
       Spear             |       |       |       |   314 ||   314
Invok: Berserk           |       |     1 |     3 |     3 ||     7
       Trog's Hand       |       |       |     2 |     3 ||     5
 Abil: Rolling Charge    |    18 |    35 |    30 |     3 ||    86
  Use: Scroll            |       |     8 |       |     5 ||    13
       Potion            |       |       |     2 |       ||     2
 Stab: Sleeping          |     2 |       |       |     1 ||     3
Armor: Animal skin       |    27 |     3 |       |       ||    30
       Ring mail         |       |    40 |    46 |       ||    86
       Swamp dragon scal |       |       |    49 |    50 ||    99
       Skin              |       |       |    20 |       ||    20
       Plate armour      |       |       |       |    34 ||    34
Dodge: Dodged            |    47 |    53 |   103 |    57 ||   260

Table legend: (Time is in decaauts)
 A = Elapsed time spent in this place.
 B = Non-inter-level travel time spent in this place.
 C = Inter-level travel time spent in this place.
 D = Time resting spent in this place.
 E = Time spent auto-exploring this place.
 F = Levels seen in this place.
 G = Mean time per level.
                   A        B        C        D        E       F      G
               +--------+--------+--------+--------+--------+-----+--------+
         Total |  11974 |  11653 |    321 |   4124 |   5544 |  12 |  997.8 |
       Dungeon |  10839 |  10518 |    321 |   3471 |   5514 |  10 | 1083.9 |
          Lair |    102 |    102 |      0 |      0 |      0 |   1 |  102.0 |
      Ice Cave |   1033 |   1033 |      0 |    653 |     29 |   1 | 1033.0 |
               +--------+--------+--------+--------+--------+-----+--------+

Top non-repeatable levels by time:
     D:7: 1655 daAuts
     D:5: 1424 daAuts
     D:6: 1190 daAuts
     D:9: 1094 daAuts
     D:4: 1086 daAuts
   IceCv: 1033 daAuts
    D:10: 1027 daAuts
     D:1: 1016 daAuts
     D:3: 882 daAuts
     D:2: 863 daAuts
     D:8: 597 daAuts
  Lair:1: 102 daAuts
